 Dungeon Sprint DCSS version 0.15-b1-56-gcd6ed8c (webtiles) character file.

5035 zercules the Bludgeoner (level 10, -2/92 HPs)
             Began as a Deep Dwarf Berserker on Aug 11, 2014.
             Was the Champion of Trog.
             Slain by a giant leech (12 damage)
             ... in the Dungeon (Sprint IX: "|||||||||||||||||||||||||||||") on Aug 12, 2014.
             The game lasted 00:10:34 (725 turns).

zercules the Bludgeoner (Deep Dwarf Berserker)       Turns: 725, Time: 00:10:34

HP  -2/92        AC 18     Str 24      XL: 10   Next: 30%
MP   9/9         EV  9     Int 11      God: Trog [******]
Gold 0           SH  0     Dex 15      Spells:  0 memorised,  9 levels left

rFire  . . .     SeeInvis .     b - +9 great mace (protect)
rCold  . . .     Clarity  .     q - +1 chain mail
rNeg   . . .     rCorr    .     (no shield)
rPois  .         rRot     .     (no helmet)
rElec  .         Spirit   .     (no cloak)
SustAb .         Warding  .     p - +0 pair of gloves
rMut   .         NoTele   +     (no boots)
Gourm  .                        (no amulet)
MR     +....                    s - +3 ring of intelligence
                                r - +3 ring of strength

@: non-regenerating, somewhat resistant to hostile enchantments, extremely
unstealthy
A: damage resistance, recharge devices, sense surroundings 2, slow healing 3
a: Device Recharging, Burn Spellbooks, Berserk, Trog's Hand, Brothers in Arms,
Renounce Religion


You were in the Dungeon.
You worshipped Trog.
Trog was exalted by your worship.
You were not hungry.

You visited 1 branch


Innate Abilities, Weirdness & Mutations

You are resistant to damage.
You can recharge devices by infusing magical energy.
You passively map the area around you.
You do not heal naturally.


   Skills:
 - Level 6.9 Fighting
 + Level 19.9 Maces & Flails
 - Level 7.8 Armour
 - Level 7.9 Dodging


You had 9 spell levels left.
You didn't know any spells.

Dungeon Overview and Level Annotations

Branches:
Dungeon (1/1)

Altars:
Cheibriados
Dithmenos
Elyvilon
Fedhas
Kikubaaqudgha
Makhleb
Nemelex Xobeh
Okawaru
Qazlal
Sif Muna
Trog
Vehumet
Xom
Yredelemnul
Zin
The Shining One
Beogh
Jiyva
Lugonu

Inventory:

Hand weapons
 a - a +0 mace
 b - a +9 great mace of protection (weapon)
   (Trog gifted it to you in the Dungeon)
 k - a +0 whip of venom
   (You took it off a kobold in the Dungeon)
 o - a +2 morningstar of crushing
   (You found it in the Dungeon)
 x - a +3 dire flail of holy wrath
   (Trog gifted it to you in the Dungeon)
 A - a +1 greatsling of flaming
   (Trog gifted it to you in the Dungeon)
Missiles
 t - 2 poisoned javelins (quivered)
Armour
 p - a +0 pair of gloves (worn)
 q - a +1 chain mail (worn)
Magical devices
 c - a wand of heal wounds (5) {@v2}
 m - a wand of draining (4)
Scrolls
 j - 2 scrolls of blinking
 l - 4 scrolls of remove curse {@r8}
 v - a scroll of recharging
 y - a scroll of fear
 z - a scroll of fog
Jewellery
 r - a +3 ring of strength (left hand)
 s - a +3 ring of intelligence (right hand)
Potions
 e - 4 potions of curing {@q1}
 f - 6 potions of heal wounds {@q2}
 g - a potion of haste {@q3}
 h - 4 potions of magic
 i - 2 potions of berserk rage
 n - a potion of invisibility
 u - a potion of agility
 w - 2 potions of cure mutation

#################################
'.....('[..[.)|?.'.______________
#################################
.................................
#################################
,, ,.....FFw@$.......'....... * *
######################### , , ,
,, ** * * * ** ** , \ \ \ + , , *
*** * * * , ,,, , * * * * * , ,
,, ,, ,


You could see a giant leech and 2 blink frogs.


Message History

You kill the spiny frog!
Trog accepts your kill.
You closely miss the giant frog. The giant frog hits you.
Your chain mail prevents you from hitting the giant frog.
The giant frog barely misses you.
You closely miss the giant frog.
The giant frog hits you but does no damage.
The blink frog blinks!
Your chain mail prevents you from hitting the giant frog.
The giant frog barely misses you.
You sock the giant frog!
The giant frog is heavily wounded.
The giant frog hits you but does no damage.
Evoke which item? (* to show all) (? for menu, Esc to quit)
Zapping:
m - a wand of draining (5)
Aim: a giant frog (heavily wounded)
The bolt of negative energy hits the giant frog.
The giant frog is drained!
You kill the giant frog!
Trog accepts your kill.
The bolt of negative energy misses the giant leech.
The bolt of negative energy hits the giant leech.
The giant leech is drained!
The giant leech is moderately wounded.
This wand has 4 charges left.
You thump the giant leech!
The giant leech is moderately wounded.
You closely miss the giant leech.
The giant leech is moderately wounded.
The giant leech bites you!
The giant leech draws strength from your injuries!
You bludgeon the giant leech!!
The giant leech is severely wounded.
You bludgeon the giant leech!!
The giant leech is almost dead.
The giant leech barely misses you.
You closely miss the giant leech.
The giant leech is almost dead.
The giant leech barely misses you.
You hit the giant leech.
You kill the giant leech!
Trog accepts your kill. The blink frog hits you.
A blink frog comes into view.
You sock the giant leech!
The giant leech is heavily wounded.
The blink frog hits you!
* * * LOW HITPOINT WARNING * * *
The blink frog blinks!
You miss the giant leech.
The giant leech is heavily wounded.
The giant leech closely misses you.
You bludgeon the giant leech!!
The giant leech is almost dead.
The giant leech bites you!
* * * LOW HITPOINT WARNING * * *
The giant leech draws strength from your injuries!
You hit the giant leech.
The giant leech is severely wounded.
You sock the blink frog!
The blink frog is heavily wounded.
The blink frog blinks!
The giant leech bites you!!
* * * LOW HITPOINT WARNING * * *
The giant leech draws strength from your injuries!
You sock the giant leech!
The giant leech is severely wounded.
You hit the giant leech but do no damage.
The giant leech is severely wounded.
The giant leech bites you!
You die...

Action                   |  1- 3 |  4- 6 |  7- 9 | 10-12 || total
-------------------------+-------+-------+-------+-------++-------
Melee: Whip              |    27 |     3 |       |       ||    30
       Mace              |    15 |       |       |       ||    15
       Morningstar       |       |     9 |       |       ||     9
       Great mace        |       |    10 |    45 |    41 ||    96
Invok: Trog's Hand       |       |     3 |     2 |     1 ||     6
 Abil: Device Recharging |       |       |     1 |       ||     1
Evoke: Wand              |     1 |     2 |     2 |     2 ||     7
  Use: Scroll            |       |       |     4 |       ||     4
       Potion            |       |       |     1 |     1 ||     2
  Eat: Bread ration      |       |       |       |     1 ||     1

Vault maps used:
D:        linesprint

Notes
Turn   | Place    | Note
--------------------------------------------------------------
     0 | D        | zercules, the Deep Dwarf Berserker, began the quest for the Orb.
     0 | D        | Reached XP level 1. HP: 20/20 MP: 1/1
    14 | D        | Acquired Trog's second power
    14 | D        | Reached skill level 3 in Fighting
    49 | D        | Noticed a sky beast
    60 | D        | Reached skill level 3 in Armour
    65 | D        | Acquired Trog's third power
    65 | D        | Reached skill level 3 in Dodging
    65 | D        | Reached XP level 2. HP: 20/28 MP: 2/2
    77 | D        | Killed a sky beast
    77 | D        | Reached skill level 4 in Fighting
    77 | D        | Reached skill level 5 in Maces & Flails
    77 | D        | Reached skill level 5 in Armour
    77 | D        | Reached skill level 5 in Dodging
    77 | D        | Reached XP level 3. HP: 20/38 MP: 3/3
    77 | D        | Reached XP level 4. HP: 23/45 MP: 4/4
    79 | D        | Reached skill level 5 in Fighting
    91 | D        | Found a glowing silver altar of Zin.
    91 | D        | Found a glowing golden altar of the Shining One.
    91 | D        | Found an ancient bone altar of Kikubaaqudgha.
    91 | D        | Found a basalt altar of Yredelemnul.
    91 | D        | Found a shimmering altar of Xom.
    91 | D        | Found a radiant altar of Vehumet.
    91 | D        | Found an iron altar of Okawaru.
    92 | D        | Found a burning altar of Makhleb.
    93 | D        | Found a deep blue altar of Sif Muna.
    94 | D        | Found a bloodstained altar of Trog.
    96 | D        | Found a sparkling altar of Nemelex Xobeh.
    97 | D        | Found a white marble altar of Elyvilon.
    98 | D        | Found a roughly hewn altar of Beogh.
    99 | D        | Found a viscous altar of Jiyva.
   100 | D        | Found a corrupted altar of Lugonu.
   101 | D        | Found a blossoming altar of Fedhas.
   102 | D        | Found a snail-covered altar of Cheibriados.
   103 | D        | Found a shadowy altar of Dithmenos.
   104 | D        | Found a stormy altar of Qazlal.
   161 | D        | Noticed a giant frog
   161 | D        | Noticed an orc wizard
   161 | D        | Noticed an orc warrior
   161 | D        | Noticed a centaur
   167 | D        | Killed a centaur
   167 | D        | Reached skill level 6 in Maces & Flails
   167 | D        | Reached skill level 6 in Armour
   167 | D        | Reached skill level 6 in Dodging
   167 | D        | Reached XP level 5. HP: 28/55 MP: 5/5
   172 | D        | Killed an orc wizard
   172 | D        | Reached skill level 6 in Fighting
   174 | D        | HP: 7/55 [orc warrior/war axe (8)]
   176 | D        | Killed an orc warrior
   176 | D        | Received a gift from Trog
   176 | D        | Reached skill level 7 in Maces & Flails
   176 | D        | Reached skill level 7 in Armour
   176 | D        | Reached skill level 7 in Dodging
   176 | D        | Reached XP level 6. HP: 21/63 MP: 6/6
   177 | D        | Killed a giant frog
   177 | D        | Received a gift from Trog
   228 | D        | Noticed a centaur warrior
   228 | D        | Noticed a cyclops
   228 | D        | Noticed a giant frog
   228 | D        | Noticed an iguana
   234 | D        | Killed an iguana
   234 | D        | Reached skill level 8 in Maces & Flails
   235 | D        | Killed a giant frog
   240 | D        | Killed a cyclops
   240 | D        | Reached skill level 12 in Maces & Flails
   240 | D        | Reached XP level 7. HP: 40/70 MP: 7/7
   247 | D        | Killed a centaur warrior
   247 | D        | Reached skill level 14 in Maces & Flails
   247 | D        | Reached XP level 8. HP: 30/78 MP: 8/8
   420 | D        | Noticed an iguana
   420 | D        | Noticed a hound
   420 | D        | Noticed a porcupine
   420 | D        | Noticed an eight-headed hydra
   422 | D        | Noticed a crocodile
   425 | D        | Killed an eight-headed hydra
   425 | D        | Reached skill level 16 in Maces & Flails
   425 | D        | Gained mutation: You passively map the area around you. [level up]
   425 | D        | Reached XP level 9. HP: 28/85 MP: 9/9
   425 | D        | Killed an iguana
   427 | D        | Killed a porcupine
   428 | D        | Noticed a komodo dragon
   428 | D        | Killed a hound
   430 | D        | Received a gift from Trog
   432 | D        | Killed a crocodile
   435 | D        | HP: 15/85 [komodo dragon (13)]
   437 | D        | Killed a komodo dragon
   437 | D        | Reached skill level 17 in Maces & Flails
   597 | D        | Noticed a komodo dragon
   597 | D        | Noticed a black mamba
   597 | D        | Noticed a water moccasin
   597 | D        | Noticed a spiny frog
   597 | D        | Noticed a hippogriff
   597 | D        | Noticed a crocodile
   599 | D        | Killed a crocodile
   602 | D        | Noticed a water moccasin
   604 | D        | Killed a hippogriff
   604 | D        | Received a gift from Trog
   611 | D        | Killed a spiny frog
   611 | D        | Reached skill level 18 in Maces & Flails
   615 | D        | Killed a black mamba
   618 | D        | Killed a water moccasin
   624 | D        | Killed a komodo dragon
   624 | D        | Reached XP level 10. HP: 56/92 MP: 9/9
   627 | D        | Killed a water moccasin
   630 | D        | Received a gift from Trog
   688 | D        | Noticed a giant leech
   688 | D        | Noticed a giant leech
   688 | D        | Noticed a spiny frog
   688 | D        | Noticed a blink frog
   688 | D        | Noticed a giant frog
   688 | D        | Noticed a giant leech
   688 | D        | Noticed a spiny frog
   691 | D        | Killed a spiny frog
   691 | D        | Reached skill level 19 in Maces & Flails
   704 | D        | Killed a giant leech
   706 | D        | Killed a spiny frog
   712 | D        | Killed a giant frog
   718 | D        | Killed a giant leech
   719 | D        | Noticed a blink frog
   723 | D        | HP: 10/92 [giant leech (16)]
   725 | D        | Slain by a giant leech

Vanquished Creatures
  A hydra (D)
  A centaur warrior (D)
  A cyclops (D)
  A black mamba (D)
  3 spiny frogs (D)
  2 komodo dragons (D)
  2 giant leeches (D)
  A hippogriff (D)
  A porcupine (D)
  2 water moccasins (D)
  A sky beast (D)
  An orc warrior (D)
  A centaur (D)
  2 crocodiles (D)
  3 giant frogs (D)
  A hound (D)
  2 iguanas (D)
  An orc wizard (D)
  2 green rats (D)
  3 adders (D)
  A giant gecko (D)
  An orc (D)
  A goblin (D)
  A hobgoblin (D)
  2 quokkas (D)
  3 giant newts (D)
  A hobgoblin skeleton (D)
  A kobold (D)
  A rat (D)
  A rat skeleton (D)
45 creatures vanquished.
